[Event "Team 45 45 League T44"]
[Site "Internet Chess Club"]
[Date "2010.02.22"]
[Round "3"]
[White "PandorasBox"]
[Black "Vaigpertu"]
[Result "1/2-1/2"]
[WhiteElo "2078"]
[BlackElo "2267"]
[Opening "King's Indian, 3.Nf3"]
[ECO "E61"]
[Time "16:16:30"]
[TimeControl "2700+45"]

1. d4 Nf6 2. Nf3 g6 3. c4 Bg7 4. Nc3 O-O 5. Bg5 d6 6. e3 h6 7. Bh4 g5 8. Bg3 Nh5
9. Nd2 Nxg3 10. hxg3 f5 11. Bd3 e5 12. dxe5 Nc6 13. exd6 Qxd6 14. Be2 Rd8 15. a3
Ne5 16. Nf3 Qf8 17. Qc2 Nxf3+ 18. Bxf3 c6 19. O-O Be6 20. Be2 Qf7 21. Rad1 b6
22. Qa4 Qc7 23. Bf3 Rxd1 24. Rxd1 Rc8 25. Rd2 g4 26. Be2 Bxc3 27. bxc3 c5 28.
Qd1 Rf8 29. Rd6 Kf7 30. a4 h5 31. a5 Ke7 32. Rd2 Rd8 33. axb6 Rxd2 34. Qxd2 Qxb6
35. Qc2 a5 36. Bd3 Kf6 37. Qa4 Qd8 38. Bf1 Qa8 39. Be2 Qa7 40. Qe8 a4 41. Qxh5
a3 42. Qh6+ {Game drawn by mutual agreement} 1/2-1/2

[Event "Team 45 45 League T44"]
[Site "Internet Chess Club"]
[Date "2010.02.19"]
[Round "3"]
[White "angelV"]
[Black "izit"]
[Result "1-0"]
[WhiteElo "2079"]
[BlackElo "2181"]
[Opening "King's Indian: Averbakh system"]
[ECO "E73"]
[Time "15:35:00"]
[TimeControl "2700+45"]

1. d4 Nf6 2. c4 g6 3. Nc3 Bg7 4. e4 O-O 5. Be2 d6 6. Bg5 Na6 7. Qd2 e5 8. d5 Qe8
9. Bd1 Bd7 10. Nge2 Nc5 11. Bc2 a5 12. O-O Nh5 13. Rae1 f5 14. exf5 gxf5 15. f4
e4 16. Nd4 Qg6 17. Kh1 Nf6 18. Bxf6 Bxf6 19. Re3 Kh8 20. Ncb5 Bxb5 21. Nxb5 Qf7
22. b3 Rg8 23. a3 Rg7 24. b4 axb4 25. axb4 Na6 26. Rg1 Re8 27. Bd1 Qd7 28. Be2
Rd8 29. g4 fxg4 30. Nc3 Bxc3 31. Qxc3 h5 32. Rxe4 Re8 33. Rxe8+ Qxe8 34. Bd3 Kg8
35. c5 dxc5 36. bxc5 Qe7 37. d6 cxd6 38. cxd6 Qxd6 39. Qc8+ Kf7 40. Re1 Nc7 41.
Qf5+ Kg8 42. Bc4+ Kh8 43. Qxh5+ Rh7 44. Re8+ Nxe8 45. Qxe8+ Kg7 46. Qg8+ Kf6 47.
Qg5# {Black checkmated} 1-0

[Event "Team 45 45 League T44"]
[Site "Internet Chess Club"]
[Date "2010.02.22"]
[Round "3"]
[White "Gil-galad"]
[Black "lluisdp"]
[Result "1/2-1/2"]
[WhiteElo "2100"]
[BlackElo "2036"]
[Opening "King's Indian: 4.e4"]
[ECO "E70"]
[Time "14:36:21"]
[TimeControl "2700+45"]

1. d4 Nf6 2. c4 g6 3. Nc3 Bg7 4. e4 d6 5. Bd3 O-O 6. Nge2 Nc6 7. O-O e5 8. d5
Ne7 9. Ng3 Ne8 10. f4 f5 11. Be3 fxe4 12. Bxe4 Nf5 13. Bxf5 gxf5 14. fxe5 dxe5
15. Nh5 Qh4 16. Nxg7 Nxg7 17. Bc5 Rd8 18. Qe2 b6 19. Bf2 Qe7 20. Rae1 Re8 21.
Bg3 Qc5+ 22. Bf2 Qe7 23. Bg3 Qc5+ 24. Bf2 Qe7 {Game drawn by repetition} 1/2-1/2

[Event "Team 45 45 League T44"]
[Site "Internet Chess Club"]
[Date "2010.02.21"]
[Round "3"]
[White "Uwak"]
[Black "Kolibri"]
[Result "1-0"]
[WhiteElo "2407"]
[BlackElo "2091"]
[Opening "Sicilian: Sozin, Benkö variation"]
[ECO "B57"]
[Time "12:00:11"]
[TimeControl "2700+45"]

1. e4 c5 2. Nf3 d6 3. d4 cxd4 4. Nxd4 Nf6 5. Nc3 Nc6 6. Bc4 Qb6 7. Ndb5 a6 8.
Be3 Qa5 9. Nd4 Ne5 10. Nb3 Qc7 11. Be2 e6 12. Qd4 Be7 13. f4 Nc6 14. Qd2 b5 15.
Bf3 b4 16. Ne2 e5 17. O-O Be6 18. c3 a5 19. Rac1 Qb7 20. f5 Bd7 21. g4 a4 22. g5
axb3 23. gxf6 Bxf6 24. axb3 Qb8 25. Rfd1 Be7 26. Ng3 Na5 27. Ra1 Nxb3 28. Rxa8
Qxa8 29. Qg2 bxc3 30. Nh5 g6 31. bxc3 gxh5 32. Qg7 Rf8 33. f6 Be6 34. fxe7 Kxe7
35. Bg5+ Kd7 36. Qxe5 Qa7+ 37. Kh1 Qc5 38. Qf4 Na5 39. Bxh5 Nc4 40. Qf6 Kc6 41.
Qg7 Re8 42. Bxf7 Bxf7 43. Qxf7 Rxe4 44. Bd8 Re2 45. Qf3+ Kd7 46. Qxe2 Kxd8 47.
Qe4 h6 48. Rg1 Ne5 49. Qb7 Qc6+ 50. Qxc6 Nxc6 51. Rg6 {Black resigns} 1-0

[Event "Team 45 45 League T44"]
[Site "Internet Chess Club"]
[Date "2010.02.21"]
[Round "3"]
[White "Monsoon-Smith"]
[Black "searchforbobby1"]
[Result "1/2-1/2"]
[WhiteElo "2045"]
[BlackElo "2227"]
[Opening "Dutch defense, Blackburne variation"]
[ECO "A81"]
[Time "20:05:38"]
[TimeControl "2700+45"]

1. d4 f5 2. g3 Nf6 3. Bg2 e6 4. Nh3 d5 5. O-O c6 6. Nc3 Bd6 7. Bf4 Be7 8. f3 O-O
9. Nf2 c5 10. dxc5 Bxc5 11. e4 dxe4 12. fxe4 Ng4 13. Qxd8 Rxd8 14. Nd1 Nc6 15.
h3 Nxf2 16. Nxf2 fxe4 17. Bxe4 e5 18. Bg5 Rf8 19. Bd5+ Kh8 20. g4 Bd7 21. Kg2
Ne7 22. Be4 Ng6 23. Nd3 Bd6 24. Bxb7 Rab8 25. Be4 Rfc8 26. Rac1 Rc4 27. Bd5 Rd4
28. Bb3 Bc6+ 29. Kg1 Bc7 30. Be3 Rdd8 31. Rcd1 a5 32. a4 Nh4 33. Rf7 Bd6 34.
Rdf1 e4 35. Nc5 Nf3+ 36. Kf2 Be5 37. Ne6 Rdc8 38. Ng5 Nxg5 39. Bxg5 Bxb2 40. Ke2
h6 41. Bf4 Ra8 42. Be3 Rd8 43. R1f5 Rd7 44. Rf8+ Rxf8 45. Rxf8+ Kh7 46. Bg8+ Kg6
47. Be6 Rd5 48. Bf5+ Rxf5 49. Rxf5 Bxa4 50. Rxa5 Bxc2 51. Ra6+ Kf7 52. Kf2 Bf6
53. Kg3 Be5+ 54. Bf4 Bd4 55. Ra3 Bd3 56. h4 {Game drawn by mutual agreement}
1/2-1/2

[Event "Team 45 45 League T44"]
[Site "Internet Chess Club"]
[Date "2010.02.18"]
[Round "3"]
[White "spacecadet"]
[Black "fledermaus"]
[Result "1-0"]
[WhiteElo "2165"]
[BlackElo "1925"]
[Opening "Sicilian defense"]
[ECO "B41"]
[Time "15:01:15"]
[TimeControl "2700+45"]

1. e4 c5 2. Nf3 e6 3. d4 cxd4 4. c3 Ne7 5. cxd4 d5 6. exd5 Nxd5 7. Nc3 Nc6 8. a3
Be7 9. Ne4 Nf6 10. Bd3 O-O 11. Ng3 b6 12. O-O Bb7 13. b4 Qd5 14. Bb2 Rac8 15.
Qe2 Nb8 16. Rac1 Nbd7 17. Rfd1 Rfd8 18. Bc4 Qd6 19. Ne5 Nd5 20. Ne4 Qb8 21. Qf3
N5f6 22. Nxf6+ Nxf6 23. Qh3 Qd6 24. Re1 Nd5 25. Bd3 g6 26. Nxf7 Kxf7 27. Qxh7+
Ke8 28. Qxg6+ Kd7 29. Rxe6 Rxc1+ 30. Bxc1 Qxe6 31. Bf5 Qxf5 32. Qxf5+ Kc7 33. g3
Rf8 34. Qe5+ Kd7 35. h4 Bf6 36. Qf5+ Ke7 37. Bh6 Rf7 38. Qe4+ Kd7 39. Bf4 Re7
40. Qf5+ Ke8 41. Be5 Bxe5 42. dxe5 Rc7 43. e6 Nf6 44. Kh2 Rc1 45. Qg6+ Ke7 46.
Qf7+ Kd6 47. Qxb7 {Black resigns} 1-0

[Event "Team 45 45 League T44"]
[Site "Internet Chess Club"]
[Date "2010.02.21"]
[Round "3"]
[White "baumhauer"]
[Black "obientag"]
[Result "0-1"]
[WhiteElo "1901"]
[BlackElo "1763"]
[Opening "English: Caro-Kann defensive system"]
[ECO "A12"]
[Time "14:30:12"]
[TimeControl "2700+45"]

1. Nf3 d5 2. c4 c6 3. b3 Nf6 4. Bb2 e6 5. g3 g6 6. Bg2 Bg7 7. O-O O-O 8. d4 Na6
9. Nbd2 b6 10. a3 Bb7 11. Rc1 c5 12. e3 Rc8 13. Ne5 cxd4 14. Bxd4 Ne4 15. cxd5
Rxc1 16. Qxc1 Nxd2 17. Qxd2 Bxd5 18. Qb2 Bxg2 19. Kxg2 Bxe5 20. Bxe5 Nc5 21. Bg7
Re8 22. f3 Nxb3 23. Rf2 Nc5 24. Bf6 Qc7 25. Be5 Qc8 26. Bh8 e5 27. Bf6 Nd3 28.
Qd2 Nxf2 29. Kxf2 Qe6 30. Bh4 Qc6 31. g4 Rc8 32. Kg3 h6 33. Be7 e4 34. f4 Qc3
{White resigns} 0-1

[Event "Team 45 45 League T44"]
[Site "Internet Chess Club"]
[Date "2010.02.20"]
[Round "3"]
[White "deepbloopers"]
[Black "TimM"]
[Result "1-0"]
[WhiteElo "2207"]
[BlackElo "2241"]
[Opening "Grünfeld with Bf4 & e3"]
[ECO "D93"]
[Time "14:30:22"]
[TimeControl "2700+45"]

1. d4 Nf6 2. Nf3 g6 3. c4 Bg7 4. Nc3 d5 5. Bf4 O-O 6. e3 c5 7. dxc5 Qa5 8. Rc1
dxc4 9. Bxc4 Qxc5 10. Bb3 Qa5 11. O-O Nc6 12. h3 Bf5 13. Ng5 h6 14. Nxf7 Rxf7
15. Bxf7+ Kxf7 16. Qb3+ Be6 17. Qxb7 Rc8 18. Nb5 Qb6 19. Nd6+ {Black resigns}
1-0

[Event "Team 45 45 League T44"]
[Site "Internet Chess Club"]
[Date "2010.02.20"]
[Round "3"]
[White "ChatBanned"]
[Black "Stryker672"]
[Result "1/2-1/2"]
[WhiteElo "2294"]
[BlackElo "1917"]
[Opening "Kevitz-Trajkovich defense"]
[ECO "A50"]
[Time "00:00:57"]
[TimeControl "2700+45"]

1. d4 Nf6 2. c4 Nc6 3. Nf3 e6 4. a3 d6 5. Nc3 Be7 6. e4 O-O 7. Be2 e5 8. d5 Nb8
9. O-O Bg4 10. Ne1 Bxe2 11. Qxe2 Nbd7 12. Be3 c6 13. dxc6 bxc6 14. Nc2 Qc7 15.
Rfc1 Rfc8 16. f3 a6 17. Nb4 Nc5 18. Bxc5 dxc5 19. Nd3 a5 20. Na4 Nd7 21. Qf2 Qa7
22. Rd1 Rd8 23. Rd2 f6 24. Rad1 Rab8 25. Kh1 Nb6 26. Nxb6 Qxb6 27. Qe2 Rd4 28.
Nc1 Rbd8 29. Rxd4 Rxd4 30. b3 Qd8 31. Rd3 Rxd3 32. Qxd3 Qd4 33. Qxd4 cxd4 34. a4
Bb4 35. Nd3 c5 36. g3 Kf7 37. Kg2 g6 38. f4 Ke6 39. Kf3 h5 40. h3 g5 41. Nb2 Bd2
42. Ke2 Bb4 43. Nd3 Ba3 44. Nf2 Bc1 45. Nd3 Ba3 46. Kf3 Bb4 47. Ke2 Ba3 {Game
drawn by repetition} 1/2-1/2

[Event "Team 45 45 League T44"]
[Site "Internet Chess Club"]
[Date "2010.02.19"]
[Round "3"]
[White "technika"]
[Black "Oops"]
[Result "1/2-1/2"]
[WhiteElo "2010"]
[BlackElo "2104"]
[Opening "Sicilian: closed, 2...Nc6"]
[ECO "B23"]
[Time "16:00:20"]
[TimeControl "2700+45"]

1. e4 c5 2. Nc3 Nc6 3. Bb5 Nd4 4. Bc4 e6 5. Nge2 Nf6 6. O-O a6 7. d3 b5 8. Bb3
Nxb3 9. axb3 Bb7 10. Bg5 d6 11. f4 Be7 12. f5 Nxe4 13. Bxe7 Nxc3 14. Bxd8 Nxd1
15. Bg5 Nxb2 16. Bc1 Nxd3 17. cxd3 e5 18. Nc3 f6 19. Be3 Ke7 20. Kf2 Rac8 21.
Ne4 Ra8 22. Ra5 Rhc8 23. Rb1 g6 24. g4 gxf5 25. gxf5 Rg8 26. Rba1 b4 27. R5a2
Rg7 28. Kf3 h5 {Game drawn by mutual agreement} 1/2-1/2

[Event "Team 45 45 League T44"]
[Site "Internet Chess Club"]
[Date "2010.02.25"]
[Round "3"]
[White "Reztap108"]
[Black "BRAINWAVE"]
[Result "1-0"]
[WhiteElo "2081"]
[BlackElo "1803"]
[Opening "Dutch defense, Rubinstein variation"]
[ECO "A84"]
[Time "13:09:50"]
[TimeControl "2700+45"]

1. d4 f5 2. c4 e6 3. Nc3 d5 4. Nf3 c6 5. cxd5 exd5 6. Bf4 Bd6 7. Bxd6 Qxd6 8. e3
Nf6 9. Be2 O-O 10. O-O Nbd7 11. Rc1 b6 12. Qc2 Ne4 13. Nxe4 fxe4 14. Ne5 Bb7 15.
Nxd7 Qxd7 16. f4 Rac8 17. b4 Qd6 18. a3 Rc7 19. Qd2 Bc8 20. Rc2 Qg6 21. Rfc1 Bh3
22. Bf1 h5 23. Bb5 Rf6 24. Kh1 Bc8 25. Bf1 Qh6 26. Rc3 g5 27. fxg5 Qxg5 28. b5
Bb7 29. bxc6 Rcxc6 30. Rxc6 Bxc6 31. Ba6 Qf5 32. Qe2 Qg4 33. Qxg4+ hxg4 34. Be2
Rg6 35. g3 Kf7 36. Rf1+ Ke7 37. Kg2 Bd7 38. Ra1 Rc6 39. Ra2 Rc3 40. Kf2 Kd6 41.
Bd1 b5 42. Ke2 a5 43. Bc2 b4 44. axb4 axb4 45. Kd2 Bb5 46. Rb2 Bd3 47. Bd1 Rc4
48. Bxg4 b3 49. Bd1 Rb4 50. Rxb3 Rxb3 51. Bxb3 Bf1 52. Ke1 Bh3 53. Bd1 Ke6 54.
g4 Kf6 55. Kf2 Kg5 56. Kg3 Bf1 57. h4+ Kg6 58. Kf4 Kf6 59. g5+ Kg6 60. Bb3 Kh5
61. Bxd5 Kxh4 62. g6 {Black resigns} 1-0

[Event "Team 45 45 League T44"]
[Site "Internet Chess Club"]
[Date "2010.02.19"]
[Round "3"]
[White "Checkmates"]
[Black "frothyjowels"]
[Result "1-0"]
[WhiteElo "2388"]
[BlackElo "2306"]
[Opening "Old Benoni defense"]
[ECO "A43"]
[Time "12:17:48"]
[TimeControl "2700+45"]

1. d4 c5 2. d5 d6 3. c4 g6 4. e4 Bg7 5. Nc3 Nd7 6. Nf3 Ngf6 7. Bd3 O-O 8. h3 a6
9. O-O Rb8 10. Re1 Nh5 11. g4 Nhf6 12. Bf4 Qc7 13. e5 dxe5 14. Nxe5 Nh5 15. Nxd7
Nxf4 16. Nxb8 Nxd3 17. Qxd3 f5 18. Qg3 f4 19. Qf3 Be5 20. Re2 Qxb8 21. Rae1 Bd6
22. Ne4 Bc7 23. Nxc5 Bd6 24. Nd3 b6 25. b4 Bb7 26. c5 bxc5 27. bxc5 {Black
resigns} 1-0

[Event "Team 45 45 League T44"]
[Site "Internet Chess Club"]
[Date "2010.02.21"]
[Round "3"]
[White "eurander"]
[Black "sandham"]
[Result "1/2-1/2"]
[WhiteElo "2192"]
[BlackElo "2077"]
[Opening "Sicilian: Alapin's variation (2.c3)"]
[ECO "B22"]
[Time "03:03:44"]
[TimeControl "2700+45"]

1. e4 c5 2. c3 Nf6 3. e5 Nd5 4. d4 cxd4 5. cxd4 e6 6. Nf3 b6 7. Bd3 d6 8. O-O
Nd7 9. Re1 dxe5 10. Nxe5 Bb4 11. Nc6 Qc7 12. Nxb4 Nxb4 13. Be4 Bb7 14. Bd2 Bxe4
15. Bxb4 Nf6 16. Nc3 Bb7 17. Nb5 Qd7 18. Nd6+ Kd8 19. Nxb7+ Qxb7 20. Rc1 Rc8 21.
Qe2 Nd5 22. Ba3 Rxc1 23. Rxc1 Nf4 24. Qg4 Qe4 25. Qg5+ f6 26. Qxg7 Ne2+ 27. Kh1
Nxc1 28. Qxh8+ Kd7 29. Qg7+ Kc6 30. d5+ Qxd5 31. h4 Ne2 32. Qxf6 Qd1+ 33. Kh2
Qg1+ 34. Kh3 Qh1+ 35. Kg4 Qxg2+ 36. Kh5 Qe4 37. Qf7 Nd4 38. Qe8+ Kb7 39. Qd7+
Ka6 40. Qa4+ Kb7 41. Qd7+ {Game drawn by mutual agreement} 1/2-1/2

[Event "Team 45 45 League T44"]
[Site "Internet Chess Club"]
[Date "2010.02.20"]
[Round "3"]
[White "Campagnolo"]
[Black "frontier"]
[Result "0-1"]
[WhiteElo "2053"]
[BlackElo "1966"]
[Opening "Réti v Dutch"]
[ECO "A04"]
[Time "21:00:35"]
[TimeControl "2700+45"]

1. Nf3 f5 2. d3 d6 3. e4 e5 4. Nc3 Nc6 5. exf5 Bxf5 6. d4 Nxd4 7. Nxd4 exd4 8.
Qxd4 c6 9. Bc4 Nf6 10. Bg5 Be7 11. O-O-O b5 12. Bb3 a5 13. Rhe1 a4 14. Bxf6 gxf6
15. Be6 Bxe6 16. Rxe6 Kf7 17. Rde1 Re8 18. Qe4 f5 19. Qxf5+ Kg8 20. f4 Ra7 21.
R6e3 Rf8 22. Qe6+ Kh8 23. g3 a3 24. b3 Bf6 25. Ne4 Re7 26. Qxd6 Bb2+ 27. Kb1 Rd7
28. Qxd7 Qxd7 29. Rd3 Qe7 30. c3 b4 31. Ree3 bxc3 32. Nxc3 Qf7 33. Na4 Bg7 34.
b4 Qc4 35. Rxa3 Rd8 36. Nc3 Qf1+ 37. Kc2 Bxc3 38. Raxc3 Qd1+ 39. Kb2 Rd2+ 40.
Ka3 Qb1 {White resigns} 0-1

[Event "Team 45 45 League T44"]
[Site "Internet Chess Club"]
[Date "2010.02.23"]
[Round "3"]
[White "SuperPeon"]
[Black "Ptzz"]
[Result "1-0"]
[WhiteElo "2094"]
[BlackElo "2032"]
[Opening "Caro-Kann: advance variation"]
[ECO "B12"]
[Time "05:01:42"]
[TimeControl "2700+45"]

1. e4 c6 2. d4 d5 3. e5 c5 4. dxc5 e6 5. Be3 Nh6 6. c3 Nd7 7. Bb5 Nf5 8. b4 Nxe3
9. fxe3 Qg5 10. Qe2 Qxe5 11. Nf3 Qc7 12. O-O Be7 13. Nbd2 O-O 14. e4 dxe4 15.
Nxe4 Nf6 16. Nxf6+ Bxf6 17. Qe3 b6 18. c6 a6 19. Bd3 b5 20. a4 Rb8 21. axb5 axb5
22. Be4 Qb6 23. Qxb6 Rxb6 24. Ra3 g6 25. Rfa1 Bg7 26. Nd4 f5 27. Bf3 e5 28. Bd5+
Kh8 29. Nf3 Bf6 30. Ra8 Rd8 31. c7 Re8 32. Rxc8 Rxc8 33. Ra8 {Black resigns} 1-0

[Event "Team 45 45 League T44"]
[Site "Internet Chess Club"]
[Date "2010.02.22"]
[Round "3"]
[White "zeigmata"]
[Black "f5"]
[Result "1-0"]
[WhiteElo "2394"]
[BlackElo "2140"]
[Opening "Sicilian: Nimzovich-Rossolimo attack (with ...g6, without ...d6)"]
[ECO "B31"]
[Time "14:00:38"]
[TimeControl "2700+45"]

1. e4 c5 2. Nf3 Nc6 3. Bb5 g6 4. O-O Bg7 5. c3 Nf6 6. e5 Nd5 7. d4 cxd4 8. cxd4
O-O 9. Nc3 Nc7 10. a4 a6 11. Bc4 d5 12. exd6 exd6 13. Bg5 Qd7 14. d5 Ne5 15. Be2
b6 16. Nd4 h6 17. Be3 Rb8 18. Qd2 Kh7 19. f4 Ng4 20. Bxg4 Qxg4 21. h3 Qd7 22.
Nc6 Rb7 23. f5 Re8 24. f6 Bf8 25. Rae1 b5 26. a5 b4 27. Na4 Ne6 28. Nb6 Qc7 29.
dxe6 Qxc6 30. e7 Bxe7 31. fxe7 Rbxe7 32. Rc1 Qb7 33. Nd5 Rxe3 34. Nxe3 {Black
resigns} 1-0

[Event "Team 45 45 League T44"]
[Site "Internet Chess Club"]
[Date "2010.02.21"]
[Round "3"]
[White "chiiwen"]
[Black "pentti63"]
[Result "1/2-1/2"]
[WhiteElo "2155"]
[BlackElo "2225"]
[Opening "Caro-Kann: classical, Spassky variation"]
[ECO "B19"]
[Time "11:03:54"]
[TimeControl "2700+45"]

1. e4 c6 2. d4 d5 3. Nd2 dxe4 4. Nxe4 Bf5 5. Ng3 Bg6 6. h4 h6 7. Nf3 Nd7 8. h5
Bh7 9. Bd3 Bxd3 10. Qxd3 e6 11. Bf4 Qa5+ 12. Bd2 Bb4 13. c3 Be7 14. c4 Qc7 15.
Bc3 Ngf6 16. Ne4 O-O 17. Ne5 Rfd8 18. Qe2 c5 19. Nxd7 Nxe4 20. Qxe4 Rxd7 21.
dxc5 Qxc5 22. Qg4 Bf8 23. O-O Rad8 24. a3 b5 25. cxb5 Qxb5 26. Rad1 Rd5 27. Rxd5
Rxd5 28. Rd1 Qb3 29. Rxd5 Qxd5 30. Qe2 Bc5 31. a4 Bd4 32. Bxd4 Qxd4 33. Qb5 Kh7
34. a5 e5 35. Qe2 f5 36. b4 e4 37. Qe1 Qc4 38. Qe3 Qxb4 39. Qxa7 Qe1+ 40. Kh2 e3
41. Qxe3 Qxa5 {Game drawn by mutual agreement} 1/2-1/2

[Event "Team 45 45 League T44"]
[Site "Internet Chess Club"]
[Date "2010.02.23"]
[Round "3"]
[White "NFork"]
[Black "perikitosax"]
[Result "1-0"]
[WhiteElo "2300"]
[BlackElo "1929"]
[Opening "Sicilian: Sozin with ...a6 and ...b5"]
[ECO "B87"]
[Time "13:16:54"]
[TimeControl "2700+45"]

1. e4 c5 2. Nf3 d6 3. d4 cxd4 4. Nxd4 Nf6 5. Nc3 a6 6. Bc4 e6 7. Bb3 b5 8. O-O
Be7 9. Qf3 Qc7 10. Qg3 Nc6 11. Be3 O-O 12. a3 Bd7 13. Rad1 Rfd8 14. f4 Nxd4 15.
Bxd4 Bc6 16. Rfe1 Qb7 17. Bxf6 Bxf6 18. f5 Bxc3 19. bxc3 Bxe4 20. fxe6 fxe6 21.
Rxd6 Bd5 22. Bxd5 exd5 23. Rde6 Ra7 24. Re8+ Rxe8 25. Rxe8+ Kf7 26. Rb8 Qc7 27.
Qf3+ Kg6 28. Qd3+ Kh6 29. Qe3+ Kh5 30. Re8 g5 31. Qh3+ Kg6 32. Rg8+ Kf6 33. Qh6+
{Black resigns} 1-0

[Event "Team 45 45 League T44"]
[Site "Internet Chess Club"]
[Date "2010.02.20"]
[Round "3"]
[White "chess9793"]
[Black "shakkimestari"]
[Result "0-1"]
[WhiteElo "1981"]
[BlackElo "2037"]
[Opening "Pirc: classical, h3 system"]
[ECO "B08"]
[Time "12:04:34"]
[TimeControl "2700+45"]

1. e4 d6 2. d4 Nf6 3. Nc3 g6 4. Nf3 Bg7 5. h3 O-O 6. Be3 a6 7. Qd2 b5 8. a3 Bb7
9. Bd3 Nbd7 10. d5 e6 11. dxe6 fxe6 12. O-O c5 13. Be2 Qc7 14. Rad1 d5 15. exd5
exd5 16. Bf4 Qb6 17. Ne5 Nxe5 18. Bxe5 d4 19. Na2 Ne4 20. Qe1 Bxe5 21. Bd3 Rae8
22. Qe2 Qc6 23. Bxe4 Qxe4 24. Qxe4 Bxe4 25. c3 d3 26. Nc1 c4 27. f3 Bc6 28. g4
Bxf3 29. Rd2 Bc7 30. b3 Bb6+ 31. Kh2 Be3 32. Rb2 d2 {White resigns} 0-1

[Event "Team 45 45 League T44"]
[Site "Internet Chess Club"]
[Date "2010.02.18"]
[Round "3"]
[White "egyptiantiger"]
[Black "easycure"]
[Result "0-1"]
[WhiteElo "2138"]
[BlackElo "2393"]
[Opening "QGD Slav: Krause attack"]
[ECO "D17"]
[Time "18:13:03"]
[TimeControl "2700+45"]

1. d4 d5 2. c4 c6 3. Nf3 Nf6 4. Nc3 dxc4 5. a4 Bf5 6. Ne5 Nbd7 7. Nxc4 Nb6 8.
Ne5 a5 9. g3 e6 10. Bg2 Bb4 11. O-O O-O 12. e3 Qe7 13. Qe2 Nfd7 14. Nxd7 Nxd7
15. e4 Bg6 16. Be3 f6 17. d5 e5 18. Rfd1 Bf7 19. Rac1 Rfd8 20. h4 Nc5 21. Qc2
Rac8 22. Bh3 Nd7 23. Ne2 Bd6 24. g4 Rc7 25. Qd2 cxd5 26. exd5 Rxc1 27. Qxc1 e4
28. g5 Ne5 29. gxf6 Qxf6 30. Bg5 Nf3+ 31. Kf1 Nxg5 32. Qxg5 Qxg5 33. hxg5 Be5
34. Nc3 Bxc3 35. bxc3 Rxd5 36. Rxd5 Bxd5 37. Ke2 Kf7 38. Bf5 g6 39. Bd7 Ke7 40.
Bb5 Kd6 41. Ke3 Ke5 42. Bd7 Bc6 43. Bc8 b6 44. Ba6 Bxa4 45. Bc4 Bd7 46. Bg8 Be6
47. Bxh7 Bf7 48. Kd2 Kf4 49. c4 Kf3 {White resigns} 0-1

[Event "Team 45 45 League T44"]
[Site "Internet Chess Club"]
[Date "2010.02.20"]
[Round "3"]
[White "Ser-Enigma"]
[Black "miazga"]
[Result "0-1"]
[WhiteElo "2120"]
[BlackElo "2042"]
[Opening "English opening"]
[ECO "A10"]
[Time "14:03:42"]
[TimeControl "2700+45"]

1. c4 d6 2. Nc3 e5 3. g3 f5 4. Bg2 Nf6 5. Nh3 Be7 6. d3 c6 7. b4 d5 8. b5 dxc4
9. bxc6 Nxc6 10. Qa4 cxd3 11. Bxc6+ bxc6 12. Qxc6+ Bd7 13. Qc4 Rc8 14. Qxd3 Bb4
15. Bd2 Ne4 16. Rc1 Nxd2 17. Kxd2 f4 18. Ng1 Bf5 19. Qxd8+ Rxd8+ 20. Ke1 Rc8 21.
Kd2 O-O {White resigns} 0-1

[Event "Team 45 45 League T44"]
[Site "Internet Chess Club"]
[Date "2010.02.20"]
[Round "3"]
[White "Pason"]
[Black "jorobo"]
[Result "0-1"]
[WhiteElo "2127"]
[BlackElo "2158"]
[Opening "QGD: Tarrasch defense"]
[ECO "D32"]
[Time "12:16:50"]
[TimeControl "2700+45"]

1. c4 e6 2. Nc3 d5 3. d4 c5 4. Nf3 Nc6 5. Bf4 cxd4 6. Nxd4 dxc4 7. Ndb5 e5 8.
Qxd8+ Kxd8 9. O-O-O+ Bd7 10. Bg3 a6 11. Nd6 Bxd6 12. Rxd6 Kc7 13. Rd2 Nge7 14.
e3 Be6 15. Ne4 Rhd8 16. Ng5 b5 17. Be2 Rxd2 18. Nxe6+ fxe6 19. Kxd2 Nf5 20. Kc3
Rd8 21. a3 Kb6 22. Bf3 Nxg3 23. hxg3 h6 24. Rh5 Rf8 25. Rh4 Kc5 26. Rh5 Rf5 27.
g4 Rxh5 28. gxh5 Ne7 29. Be4 Nd5+ 30. Kd2 Nf6 31. Bf3 e4 32. Be2 a5 33. Kc2 b4
34. axb4+ axb4 35. Kd2 Nd7 36. Bg4 Kd6 37. f4 Nc5 38. Bd1 Nd3 39. b3 c3+ 40. Ke2
Ke7 41. Bc2 Nc5 42. g4 Kf6 43. Kf2 e5 44. Ke2 Ke6 45. Kf2 Nd3+ 46. Kg3 exf4+ 47.
exf4 Ne1 48. Bxe4 c2 49. Bxc2 Nxc2 50. g5 Nd4 {White resigns} 0-1

[Event "Team 45 45 League T44"]
[Site "Internet Chess Club"]
[Date "2010.02.21"]
[Round "3"]
[White "TerryMalloy"]
[Black "Zornorph"]
[Result "1/2-1/2"]
[WhiteElo "2049"]
[BlackElo "2052"]
[Opening "Philidor's defense"]
[ECO "C41"]
[Time "05:03:50"]
[TimeControl "2700+45"]

1. e4 e5 2. Nf3 d6 3. Bc4 Be6 4. Bxe6 fxe6 5. d4 exd4 6. Nxd4 Qd7 7. Qg4 e5 8.
Qxd7+ Kxd7 9. Nf3 Nc6 10. Be3 Nf6 11. Nc3 a6 12. h3 Be7 13. O-O-O b5 14. Nd2
Rhf8 15. f3 Nh5 16. Ne2 Bh4 17. c3 Bg3 18. Nf1 Bf4 19. Kc2 Bxe3 20. Nxe3 Rf7 21.
a3 Ne7 22. Rhf1 Raf8 23. Rf2 Nf4 24. Nxf4 Rxf4 25. Kd3 h5 26. Ke2 g5 27. Rff1
R4f7 28. Rd2 Ke6 29. Rfd1 Ng6 30. Nf5 Nf4+ 31. Kf2 Kd7 32. Ra1 Rb8 33. Rc1 Ne6
34. Rcd1 Nc5 35. Ke3 Nb3 36. Rc2 Na5 37. Ke2 Nc4 38. Ra1 Nb6 39. Rd1 Ke6 40. Ke1
Rh7 41. Kf2 Rg8 42. Rcd2 Rd7 43. b3 Rdd8 44. Ne3 Rdf8 45. Nf5 Rd8 46. Ne3 Rdf8
47. Nf5 Kd7 48. Ke2 g4 49. hxg4 hxg4 50. Rh1 gxf3+ 51. gxf3 Rh8 52. Rdd1 Rfg8
53. Ke3 Rxh1 54. Rxh1 Kd8 55. Kf2 Nd7 56. Rh7 Nc5 57. b4 Ne6 58. Ne7 Rf8 59. Nf5
Rg8 60. Ne7 Rg7 61. Rxg7 Nxg7 62. Nd5 c6 63. Ne3 Kd7 64. Ng2 Ne6 65. Ke3 Kc7 66.
f4 exf4+ 67. Nxf4 Ng5 68. Nd3 Kb6 69. Kf4 Nf7 70. Kf5 Nd8 71. Kf6 a5 72. Ke7 Nb7
73. e5 dxe5 74. Nxe5 c5 75. Ke6 cxb4 76. cxb4 axb4 77. axb4 Nc5+ 78. Kd5 Na4 79.
Nf3 Nb2 80. Nd4 Nd3 81. Nxb5 Nxb4+ {Game drawn because neither player has mating
material} 1/2-1/2

[Event "Team 45 45 League T44"]
[Site "Internet Chess Club"]
[Date "2010.02.18"]
[Round "3"]
[White "parrot9"]
[Black "cknights"]
[Result "0-1"]
[WhiteElo "1718"]
[BlackElo "1845"]
[Opening "Sicilian: Najdorf"]
[ECO "B90"]
[Time "16:00:16"]
[TimeControl "2700+45"]

1. e4 c5 2. Nf3 d6 3. d4 cxd4 4. Nxd4 Nf6 5. Nc3 a6 6. f3 e6 7. Be3 Nbd7 8. Qd2
Be7 9. O-O-O Qc7 10. g4 h6 11. Kb1 b5 12. h4 Bb7 13. Bd3 Rc8 14. g5 hxg5 15.
hxg5 Nh7 16. g6 fxg6 17. Nxe6 Qc6 18. Nxg7+ Kf7 19. Bd4 Ndf6 20. e5 dxe5 21.
Bxe5 Rcg8 22. Bxg6+ Kxg6 23. Qh6+ Kf7 24. Rhg1 Nf8 25. Qg5 Rh7 26. Bxf6 Bxf6 27.
Qf4 Rhxg7 28. Rxg7+ Rxg7 29. Rd6 Ne6 30. Qd2 Qxf3 31. a4 b4 32. Ne2 Rg2 33. Qh6
Rxe2 34. Rd7+ Ke8 35. Qh7 Re1+ 36. Ka2 Bd5+ 37. Rxd5 Qxd5+ {White resigns} 0-1

[Event "Team 45 45 League T44"]
[Site "Internet Chess Club"]
[Date "2010.02.21"]
[Round "3"]
[White "achessfool"]
[Black "Invicta-Knight"]
[Result "0-1"]
[WhiteElo "1540"]
[BlackElo "1553"]
[Opening "Scandinavian (center counter) defense"]
[ECO "B01"]
[Time "10:12:07"]
[TimeControl "2700+45"]

1. e4 d5 2. exd5 Qxd5 3. Nf3 Nc6 4. d4 Nf6 5. c4 Qd6 6. Nc3 a6 7. Be2 Bg4 8. Be3
O-O-O 9. O-O Bxf3 10. Bxf3 Nxd4 11. Bxd4 Qxd4 12. Qb3 Qa7 13. Rad1 e6 14. Rxd8+
Kxd8 15. Bxb7 Bc5 16. Rd1+ Ke7 17. Rd2 Rb8 18. Nd5+ exd5 19. Re2+ Kf8 20. Qh3
Qxb7 21. cxd5 Re8 22. Rxe8+ Kxe8 23. Qc3 Bxf2+ 24. Kxf2 Ne4+ {White resigns} 0-1